 Dungeon Crawl Stone Soup version 0.31-a0-705-ga145531891 (webtiles) character file.

Game seed: 18083993926799720043

737 Dirtsage the Chopper (level 7, -14/56 HPs)
             Began as a Demonspawn Berserker on Sept 9, 2023.
             Was a Priest of Trog.
             Demolished by an ogre
             ... wielding a +0 giant club
              (26 damage)
             ... on level 5 of the Dungeon.
             The game lasted 00:06:09 (4681 turns).

Dirtsage the Chopper (Demonspawn Berserker)         Turns: 4681, Time: 00:06:10

Health: -14/56     AC: 14    Str: 19    XL:     7   Next: 46%
Magic:  7/7        EV: 10    Int:  9    God:    Trog [***...]
Gold:   272        SH:  0    Dex: 12    Spells: 6/6 levels left

rFire   + . .        a - +0 hand axe
rCold   . . .        (no shield)
rNeg    . . .        o - +2 scale mail {rF+}
rPois   .            (helmet restricted)
rElec   .            h - +1 cloak
rCorr   .            (no gloves)
SInv    .            (no boots)
Will    .....        (no amulet) Stlth
                     f - +4 ring of protection
HPRegen 0.29/turn    (no ring)
MPRegen 0.10/turn

%: no passive effects
@: no status effects
A: antennae 2, demonic guardian 1
a: Renounce Religion, Berserk, Trog's Hand


You were on level 5 of the Dungeon.
You worshipped Trog.
Trog was most pleased with you.
You visited 1 branch of the dungeon, and saw 6 of its levels.

You collected 272 gold pieces.

Inventory:

Hand Weapons
 a - a +0 hand axe (weapon)
Missiles
 l - 3 throwing nets
Armour
 h - a +1 cloak (worn)
 o - a +2 scale mail of fire resistance (worn)
Jewellery
 f - a +4 ring of protection (left hand)
Scrolls
 d - a scroll of vulnerability {unknown}
 g - 3 scrolls of fear
 k - a scroll of revelation {unknown}
 m - 2 scrolls of torment
 t - 6 scrolls of teleportation
 B - a scroll of blinking
Potions
 e - 2 potions of lignification
 i - a potion of heal wounds {unknown}
 n - a potion of degeneration {unknown}
 p - a potion of haste {unknown}
 q - 2 potions of curing


   Skills:
 + Level 5.6 Fighting
 * Level 6.8 Axes
 - Level 1.7 Armour
 - Level 1.7 Dodging


You had 6 spell levels left.
You didn't know any spells.
Your spell library contained the following spells:

 Spells                   Type           Power      Damage    Failure   Level
 Kiss of Death            Conj/Necr      0%         2d5       77%         1
 Shock                    Conj/Air       0%         1d3       77%         1
 Blink                    Tloc           0%         N/A       88%         2
 Lesser Beckoning         Tloc           0%         N/A       88%         2
 Momentum Strike          Conj/Tloc      0%         3d8       88%         2
 Static Discharge         Conj/Air       0%         2-2/arc   88%         2
 Call Canine Familiar     Summ           0%         N/A       98%         3
 Confusing Touch          Hex            0%         N/A       98%         3
 Dazzling Flash           Conj/Hex       0%         N/A       98%         3
 Sigil of Binding         Hex            0%         N/A       98%         3
 Swiftness                Air            0%         N/A       98%         3
 Volatile Blastmotes      Fire/Tloc      0%         2d10      98%         3
 Airstrike                Air            0%         2d(0-16)  100%        4
 Dimensional Bullseye     Hex/Tloc       0%         N/A       100%        4
 Dispel Undead            Necr           0%         3d6       100%        4
 Leda's Liquefaction      Hex/Erth       0%         N/A       100%        4
 Summon Lightning Spire   Summ/Air       0%         N/A       100%        4
 Starburst                Conj/Fire      0%         6d3       100%        6
 Maxwell's Capacitive Co  Air            0%         ∞         100%        8


Dungeon Overview and Level Annotations

Branches:
Dungeon (6/15)
 Temple: D:4-7

Altars:
Nemelex Xobeh


Innate Abilities, Weirdness & Mutations

You have a pair of antennae on your head.
A weak demonic guardian rushes to your aid.


Message History

You barely miss the ice beast.
The ice beast is almost dead.
The ice beast hits you but does no damage.
You hit the ice beast.
The ice beast is almost dead.
The ice beast barely misses you.
You hit the ice beast.
You kill the ice beast!
Trog accepts your kill.
You swing at nothing.
There is an escape hatch in the ceiling here.
You regained 3 hp, and now have 45/56 hp.
A mysterious force pulls you upwards. The hatch slams shut behind you.
HP restored.
There is an open door here.
There is an open door here.
There is a stone staircase leading down here.
An ogre comes into view. It is wielding a +0 giant club.
The ogre shouts!
Health restored: 56 You hit the ogre.
The ogre is lightly wounded.
The ogre hits you with a +0 giant club.
You take 6 damage, and have 50/56 hp.
You hit the ogre.
The ogre is lightly wounded.
The ogre hits you with a +0 giant club!
You take 13 damage, and have 37/56 hp.
MASSIVE DAMAGE!!
You hit the ogre.
The ogre is moderately wounded.
You slash the ogre!
The ogre is heavily wounded.
The ogre hits you with a +0 giant club!!
* * * LOW HITPOINT WARNING * * *
A demonic guardian appears!
You take 25 damage, and have 12/56 hp.
MASSIVE DAMAGE!!
You slash the ogre!
The ogre is almost dead.
The ogre hits you with a +0 giant club!!
You die...

.............#
.............###...
.................$
#.....#......#.#.. #########
....#.#......#.... ##<##....#
..........#### ..# #...#....#
.#....#.#..#####.# #.8.#...[#
....#...........O## #...#....##
......#.#.....##@5# ##.##.....#
........###....#.#######.##......
.........####...##...##...#......
..........####.##<.8....8.'....#.
...........# #..##...##...#......
...........#####>#######.##......
............# #......##.##......
............####......#...#...#..
..............###.....#.8.#.##..#


You could see an ogre (ally target) and a friendly iron imp (summoned).

Vanquished Creatures
  A black bear (D:4)
  An ice beast (D:6)
  A phantom (D:5)
  Crazy Yiuf (D:2)
  6 orc wizards (D:5)
  8 gnolls
  5 adders
  2 worms
  16 orcs
  8 ball pythons
  7 endoplasms
  6 giant cockroaches
  3 hobgoblins
  7 kobolds
  6 quokkas
  3 bats
  3 frilled lizards
  9 goblins
  7 rats
100 creatures vanquished.

Vanquished Creatures (collateral kills)
  An iguana (D:5)
  4 gnolls (D:3)
  A worm (D:3)
6 creatures vanquished.

Vanquished Creatures (others)
  An orc wizard (D:5)
1 creature vanquished.

Grand Total: 107 creatures vanquished

Notes
Turn   | Place    | Note
-------+----------+-------------------------------------------
     0 | D:1      | Dirtsage the Demonspawn Berserker began the quest for the
                  | Orb.
     0 | D:1      | Reached XP level 1. HP: 18/18 MP: 1/1
   175 | D:1      | Reached skill level 3 in Axes
   207 | D:1      | Gained mutation: A weak demonic guardian rushes to your
                  | aid. [demonic ancestry]
   207 | D:1      | Reached XP level 2. HP: 24/24 MP: 2/2
   338 | D:1      | Reached XP level 3. HP: 14/29 MP: 3/3
   906 | D:2      | Reached ** piety under Trog
  1313 | D:2      | Reached XP level 4. HP: 26/37 MP: 4/4
  1314 | D:2      | Reached skill level 4 in Axes
  1672 | D:2      | Found a runed translucent door.
  1673 | D:2      | Noticed Crazy Yiuf
  1681 | D:2      | Killed Crazy Yiuf
  2257 | D:3      | Reached XP level 5. HP: 31/42 MP: 5/5
  2763 | D:3      | Reached skill level 5 in Axes
  3264 | D:4      | Reached *** piety under Trog
  3269 | D:4      | Gained mutation: You have a pair of small antennae on your
                  | head. [demonic ancestry]
  3269 | D:4      | Reached XP level 6. HP: 47/47 MP: 6/6
  3388 | D:4      | Found a sparkling altar of Nemelex Xobeh.
  3867 | D:5      | Entered Level 5 of the Dungeon
  4030 | D:5      | Reached skill level 5 in Fighting
  4030 | D:5      | Reached skill level 6 in Axes
  4035 | D:5      | Gained mutation: You have a pair of antennae on your head.
                  | [demonic ancestry]
  4035 | D:5      | Reached XP level 7. HP: 56/56 MP: 7/7
  4530 | D:5      | You fall into a shaft and drop 1 floor!
  4681 | D:5      | Demolished by an ogre

Illustrated notes

Levels and vault maps discovered:
D:1:      dpeg_arrival_tiny_f, layout_loops_ring
D:2:      layout_basic, uniq_crazy_yiuf_cottage
D:3:      layout_loops_corners
D:4:      layout_loops_ring, nemelex_dance_club_becter, grunt_ministairs_12
D:5:      layout_rooms, grunt_ministairs_5, minmay_a_box_with_orc_wizards_in_it
D:6:      layout_cave_pods, mainiacjoe_overflow_alcove_2, lemuel_tele_altar,
          minmay_temple_entry_statues_fountains, grunt_ministairs_1,
          nicolae_nh_ransacked_shop, uniq_duvessa

Skill      XL: |  1  2  3  4  5  6 |
---------------+-------------------+-----
Axes           | 3 4 5 6 |  6.8
Fighting       | 4 5 |  5.6
Armour         | |  1.7
Dodging        | |  1.7

Action                     |  1- 3 |  4- 6 |  7- 9 || total
---------------------------+-------+-------+-------++-------
  Melee: Hand axe          |   118 |   199 |    64 ||   381
         Punch             |       |     1 |     1 ||     2
 Invoke: Berserk           |       |     4 |       ||     4
    Use: Scroll            |       |     8 |       ||     8
         Potion            |       |     1 |       ||     1
   Stab: Sleeping          |     4 |       |       ||     4
 Armour: Animal skin       |    61 |    17 |       ||    78
         Chain mail        |       |   169 |    73 ||   242
         Scale mail        |       |       |    11 ||    11
  Dodge: Dodged            |    77 |    82 |    16 ||   175

Table legend: (Time is in decaauts)
 A = Elapsed time spent in this place.
 B = Non-inter-level travel time spent in this place.
 C = Inter-level travel time spent in this place.
 D = Time resting spent in this place.
 E = Time spent auto-exploring this place.
 F = Levels seen in this place.
 G = Mean time per level.
                   A        B        C        D        E       F      G
               +--------+--------+--------+--------+--------+-----+--------+
         Total |   4734 |   4308 |    426 |     63 |   3426 |   6 |  789.0 |
       Dungeon |   4734 |   4308 |    426 |     63 |   3426 |   6 |  789.0 |
               +--------+--------+--------+--------+--------+-----+--------+

Top non-repeatable levels by time:
     D:2: 1169 daAuts
     D:3: 1038 daAuts
     D:4: 861 daAuts
     D:1: 849 daAuts
     D:5: 757 daAuts
     D:6: 58 daAuts
